 Dungeon Crawl Stone Soup version 0.17-a0-483-g810ce3f (webtiles) character file.

555 Radiman the Basher (level 7, -1/57 HPs)
             Began as a Minotaur Berserker on Apr 8, 2015.
             Was an Elder of Trog.
             Slain by an ogre
             ... wielding a +0 giant spiked club
              (16 damage)
             ... on level 5 of the Dungeon.
             The game lasted 00:14:00 (4373 turns).

Radiman the Basher (Minotaur Berserker)             Turns: 4373, Time: 00:14:01

Health: -1/57      AC:  9    Str: 22    XL:     7   Next: 8%
Magic:  6/6        EV:  7    Int:  4    God:    Trog [****..]
Gold:   216        SH:  3    Dex: 11    Spells: 0 memorised, 6 levels left

rFire  . . .     SeeInvis .     s - +0 flail
rCold  . . .     Clarity  .     A - +0 chain mail
rNeg   . . .     SustAb   .     g - +0 buckler
rPois  +         Gourm    .     (helmet restricted)
rElec  .         Spirit   .     (no cloak)
rCorr  .         Warding  .     (no gloves)
rMut   .         Stasis   .     (no boots)
MR     .....                    o - amulet of rage
Stlth  ..........               (no ring)
                                k - ring of poison resistance (curse)

@: not resistant to hostile enchantments, extremely unstealthy
A: retaliatory headbutt, horns 2
a: Burn Spellbooks, Berserk, Trog's Hand, Brothers in Arms, Renounce Religion,
Evoke Berserk Rage


You were on level 5 of the Dungeon.
You worshipped Trog.
Trog was greatly pleased with you.
You were not hungry.

You visited 1 branch of the dungeon, and saw 5 of its levels.

You collected 216 gold pieces.

Inventory:

Hand weapons
 e - a +2 hunting sling of flaming
 l - a +0 dagger of venom
 s - a +0 flail (weapon)
Missiles
 h - 49 poisoned needles
Armour
 g - a +0 buckler (worn)
 A - a +0 chain mail (worn)
Jewellery
 k - a cursed ring of poison resistance (left hand)
 o - an amulet of rage (around neck)
Magical devices
 w - a wand of random effects (33)
Scrolls
 p - 3 scrolls of remove curse {unknown}
 q - a scroll of recharging {unknown}
 r - a scroll of noise {unknown}
 t - a scroll of enchant weapon {unknown}
 y - 2 scrolls of identify {unknown}
 B - a scroll of enchant armour {unknown}
Potions
 a - a potion of flight {unknown}
 d - a potion of haste {unknown}
 f - a potion of cure mutation {unknown}
 i - a potion of restore abilities {unknown}
 j - 3 potions of agility {unknown}
 n - 4 potions of curing {unknown}
 u - a potion of berserk rage {unknown}
 x - a potion of poison {unknown}
 z - a potion of lignification {unknown}
Comestibles
 b - 2 chunks of flesh
 c - 2 bread rations
 m - 2 meat rations
 v - a beef jerky
 C - 2 fruits


   Skills:
 - Level 3.6 Fighting
 * Level 9.4 Maces & Flails
 + Level 3.4 Armour
 - Level 2.1 Dodging


You had 6 spell levels left.
You didn't know any spells.

Dungeon Overview and Level Annotations

Branches:
Dungeon (5/15)             Temple (0/1) D:4

Altars:
Kikubaaqudgha
Xom

Annotations:
D:3 Radiman's ghost, average MiBe


Innate Abilities, Weirdness & Mutations

You reflexively headbutt those who attack you in melee.
You have a pair of horns on your head.


Message History

The sky beast closely misses you.
You hit the sky beast.
The sky beast is heavily wounded.
The sky beast closely misses you. You furiously retaliate!
You headbutt the sky beast. You sock the sky beast!
Your headbutt misses the sky beast.
The sky beast is almost dead.
The sky beast hits you but does no damage.
You barely miss the sky beast.
The sky beast is almost dead.
The sky beast hits you. The sky beast shocks you.
* * * LOW HITPOINT WARNING * * *
You sock the sky beast!
You kill the sky beast!
Trog accepts your kill.
You have reached level 7!
You hit the ogre. You headbutt the ogre.
The ogre is lightly wounded.
The ogre hits you with a giant spiked club!
You die...

# ####### .# #
#####.#.# # #
#####............##
###................##
#...#.......#.# #..##
#.#...#.#####.###..##
#.##O##.# #.#......
#.##@##.#####.#.#..##
##≈##.##.##.........##
#..##.##.##...........
#.###.##.##..##.....##
#.##..##.##..###.#....
#...................##
#..#.###.##..###.#..#
#≈.#.# #............##
#.O#. ####..###......


You could see an ogre.

Vanquished Creatures
  A sky beast (D:5)
  An ogre (D:4)
  A hound (D:4)
  2 iguanas (D:4)
  2 worker ants (D:4)
  6 adders
  7 gnolls (D:3)
  A shadow imp (D:5)
  4 worms
  2 oozes (D:1)
  14 orcs
  8 bats
  7 giant cockroaches
  10 hobgoblins
  8 kobolds
  2 quokkas
  6 giant geckos
  3 giant newts
  16 goblins
  2 jackals (D:3)
  5 rats
108 creatures vanquished.

Notes
Turn   | Place    | Note
--------------------------------------------------------------
     0 | D:1      | Radiman, the Minotaur Berserker, began the quest for the Orb.
     0 | D:1      | Reached XP level 1. HP: 19/19 MP: 0/0
   260 | D:1      | Reached skill level 4 in Maces & Flails
   563 | D:1      | Reached XP level 2. HP: 24/26 MP: 1/1
   940 | D:1      | Acquired Trog's second power
   941 | D:1      | Reached skill level 5 in Maces & Flails
  1329 | D:2      | Reached XP level 3. HP: 27/31 MP: 2/2
  1816 | D:2      | Found an ancient bone altar of Kikubaaqudgha.
  2124 | D:3      | Reached XP level 4. HP: 39/39 MP: 3/3
  2138 | D:3      | Reached skill level 6 in Maces & Flails
  2445 | D:3      | Found a shimmering altar of Xom.
  2451 | D:3      | Noticed Radiman's ghost (average MiBe)
  2711 | D:3      | Reached skill level 7 in Maces & Flails
  2711 | D:3      | Reached XP level 5. HP: 6/45 MP: 4/4
  3560 | D:4      | Reached skill level 8 in Maces & Flails
  3564 | D:4      | Reached XP level 6. HP: 48/51 MP: 5/5
  3577 | D:4      | Found a staircase to the Ecumenical Temple.
  3830 | D:4      | Acquired Trog's third power
  3874 | D:4      | Noticed an ogre
  3935 | D:4      | Killed an ogre
  3935 | D:4      | Reached skill level 9 in Maces & Flails
  4195 | D:5      | Entered Level 5 of the Dungeon
  4367 | D:5      | Reached XP level 7. HP: 13/57 MP: 6/6
  4373 | D:5      | Slain by an ogre

Action                   |  1- 3 |  4- 6 |  7- 9 || total
-------------------------+-------+-------+-------++-------
Melee: Mace              |    86 |    32 |       ||   118
       Flail             |       |   152 |     1 ||   153
  Eat: Chunk             |     3 |     8 |       ||    11
